 Dungeon Sprint DCSS version 0.21-a0-71-g5e5ddd2 (webtiles) character file.

1 Kidiri the Ruffian (level 1, -3/16 HPs)
             Began as a Draconian Transmuter on June 19, 2017.
             Was an Initiate of Wu Jian.
             Slain by a river rat (9 damage)
             ... in the Dungeon (Sprint VII: "The Pits").
             The game lasted 00:01:19 (190 turns).

Kidiri the Ruffian (Draconian Transmuter)            Turns: 190, Time: 00:01:19

Health: -3/16      AC:  4    Str: 12    XL:     1   Next: 16%
Magic:  2/3        EV: 12    Int: 13    God:    Wu Jian [......]
Gold:   0          SH:  0    Dex: 11    Spells: 3/4 levels left

rFire    . . .     SeeInvis .     - Unarmed
rCold    . . .     Gourm    .   (no shield)
rNeg     . . .     Faith    .   (armour unavailable)
rPois    .         Spirit   .   (helmet restricted)
rElec    .         Reflect  .   (no cloak)
rCorr    .         Harm     .   (no gloves)
MR       .....     NoTele   +   (no boots)
Stlth    +.........             (no amulet)
HPRegen  0.05/turn              (no ring)
MPRegen  0.08/turn              (no ring)

@: appendage
A: unfitting armour, horns 2, cold-blooded, AC +4
a: End Transformation, Renounce Religion


You were in the Dungeon.
You worshipped Wu Jian.
Wu Jian was noncommittal.
You were not hungry.
You had grown temporary horns.
You visited 1 branch

Inventory:

Missiles
 a - 12 arrows
Scrolls
 i - a scroll of blinking
 k - 3 scrolls of remove curse
 l - 5 scrolls of amnesia
 m - a scroll of summoning
Potions
 d - a potion of curing
 e - a potion of heal wounds
 f - a potion of haste
 g - 4 potions of magic
 h - 3 potions of berserk rage
 j - 2 potions of invisibility
Books
 b - a book of Changes

   Spells                             Type                      Level
   a - Beastly Appendage              Transmutation                1
   b - Sticks to Snakes               Transmutation                2
   c - Spider Form                    Transmutation/Poison         3
   d - Ice Form                       Ice/Transmutation            4
   e - Blade Hands                    Transmutation                5
Comestibles
 c - 8 bread rations
 n - 40 fruits
 o - 7 meat rations


   Skills:
 + Level 1.4 Fighting
 * Level 2.0 Dodging
 + Level 0.2 Stealth
 * Level 3.1 Unarmed Combat
 * Level 2.1 Spellcasting
 * Level 2.2 Transmutations


You had 3 spell levels left.
You knew the following spells:

 Your Spells              Type           Power        Failure   Level  Hunger
a - Beastly Appendage     Tmut           #.....       11%         1    ##.....


Dungeon Overview and Level Annotations

Branches:
Dungeon (1/1)

Altars:
Ashenzari
Cheibriados
Dithmenos
Elyvilon
Fedhas
Gozag
Hepliaklqana
Kikubaaqudgha
Makhleb
Nemelex Xobeh
Okawaru
Qazlal
Ru
Sif Muna
Trog
Uskayaw
Vehumet
Wu Jian
Xom
Yredelemnul
Zin
The Shining One
Beogh
Jiyva
Lugonu


Innate Abilities, Weirdness & Mutations

Your plain brown scales are hard. (AC +4)
You cannot fit into any form of body armour.
You are cold-blooded and may be slowed by cold attacks.
You have a pair of horns on your head.


Message History

Okay, then.
Casting: Beastly Appendage
Confirm with . or Enter, or press ? or * to list all spells.
You grow a pair of large bovine horns.
You open the door.
Unknown command.
A river rat and a quokka come into view.
There is an open door here.
You closely miss the river rat. The river rat bites you!
Ouch! That really hurt!
You are too injured to fight recklessly!
Unknown command.
You barely miss the river rat. You tail-slap the river rat.
The river rat is lightly wounded.
The river rat closely misses you.
You hit the river rat but do no damage.
Your tail-slap misses the river rat.
The river rat is lightly wounded.
The river rat bites you!
Ouch! That really hurt!
You die...

############
#_________.#
#_________.#
#_______...###########++
##########+##...........
#.?(.+)))+.##......#..#.
##########.##...........
#.......r@..'...........
#+#####'#####......#..#.
#.....# #...........
#.r...# ####+#####++
###+### #.......#
#.......# #.......#
#...<...# #.......#


You could see a river rat and a quokka (sleeping).

Vanquished Creatures
  A ball python (D)
1 creature vanquished.

Notes
Turn   | Place    | Note
-------+----------+-------------------------------------------
     0 | D        | Kidiri the Draconian Transmuter began the quest for the Orb.
     0 | D        | Reached XP level 1. HP: 16/16 MP: 3/3
    57 | D        | Found a bloodstained altar of Trog.
    57 | D        | Found a deep blue altar of Sif Muna.
    57 | D        | Found a viscous altar of Jiyva.
    57 | D        | Found a hazy altar of Hepliaklqana.
    57 | D        | Found an opulent altar of Gozag.
    58 | D        | Found a glowing golden altar of the Shining One.
    58 | D        | Found a glowing silver altar of Zin.
    58 | D        | Found a basalt altar of Yredelemnul.
    58 | D        | Found a shimmering altar of Xom.
    58 | D        | Found an ornate altar of the Wu Jian Council.
    58 | D        | Found a sacrificial altar of Ru.
    58 | D        | Found a stormy altar of Qazlal.
    58 | D        | Found an iron altar of Okawaru.
    58 | D        | Found a sparkling altar of Nemelex Xobeh.
    58 | D        | Found a burning altar of Makhleb.
    58 | D        | Found a blossoming altar of Fedhas.
    58 | D        | Found a white marble altar of Elyvilon.
    58 | D        | Found a shadowy altar of Dithmenos.
    58 | D        | Found a snail-covered altar of Cheibriados.
    60 | D        | Found a radiant altar of Vehumet.
    60 | D        | Found a corrupted altar of Lugonu.
    60 | D        | Found a roughly hewn altar of Beogh.
    61 | D        | Found a hide-covered altar of Uskayaw.
    61 | D        | Found an ancient bone altar of Kikubaaqudgha.
    61 | D        | Found a shattered altar of Ashenzari.
    67 | D        | Became a worshipper of the Wu Jian Council
   190 | D        | Slain by a river rat

Vault maps used:
D:        pitsprint

Skill      XL: |  1 |
---------------+----+-----
Dodging        | 2 |  2.0
Fighting       | |  1.4
Stealth        | |  0.2
Unarmed Combat | |  3.1
Spellcasting   | |  2.1
Transmutations | |  2.2

Action                   || total
-------------------------++-------
Melee: Unarmed           ||     8
       Kick              ||     1
       Tailslap          ||     1
 Cast: Beastly Appendage ||     2
Armor: Skin              ||     2
Dodge: Dodged            ||     6
